 Dungeon Sprint DCSS version bcrawl-1.14.2-1-gc900083943 (webtiles) character file.

Game seed: 8745448605320203059

56414 MordorOrchid the Hoplite (level 14, 0/99 HPs)
             Began as a Fairy Fire Elementalist on Sept 21, 2019.
             Was the Champion of Sif Muna.
             Killed from afar by a crystal guardian (43 damage)
             ... with a crystal bolt
             ... in the Dungeon (Sprint V: "Ziggurat Sprint").
             The game lasted 00:56:36 (1672 turns).

MordorOrchid the Hoplite (Fairy Fire Elementalist)  Turns: 1672, Time: 00:56:36

Health: 0/99       AC: 18    Str:  6    XL:     14   Next: 81%
Magic:  19/39      EV: 19    Int: 39    God:    Sif Muna [******]
Gold:   0          SH: 46    Dex: 14    Spells: 2/51 levels left

rFire    . . .     SeeInvis +   i - +9 spear of the Enemy {freeze, +Inv rN+ Int+2 Dex-3}
rCold    . . .     Gourm    .   y - +18 shield of the Gong {rElec rN+ MR+ EV-5}
rNeg     + + .     Faith    .   (armour unavailable)
rPois    +         Spirit   .   Q - +3 crown of Dyrovepreva {rElec Int+2 SInv}
rElec    +         Reflect  +   S - +2 cloak {rPois}
rCorr    .         Harm     .   W - +1 pair of gloves {Dex+3}
MR       ++...     NoTele   +   N - +2 pair of boots of the Assassin {Detection Stab+ Stlth++}
Stlth    +++.......             w - +4 amulet of reflection
HPRegen  0.26/turn              u - +6 ring of intelligence
MPRegen  0.26/turn              t - +6 ring of intelligence

@: flying evasively, studying 2 skills, divine energy
A: small, magic attunement, unstealthy, unfitting armour, able to fly, AC/SH +7
a: Stop Flying, Stop Divine Energy, Channel Magic, Forget Spell, Renounce
Religion, Evoke Invisibility


You were in the Dungeon.
You worshipped Sif Muna.
Sif Muna was exalted by your worship.
You were not hungry.

You visited 1 branch

Inventory:

Hand Weapons
 i - the +9 spear of the Enemy (weapon) {freeze, +Inv rN+ Int+2 Dex-3}
   (You found it in the Dungeon)

   It has been specially enchanted to freeze those struck by it, causing extra
   injury to most foes and up to half again as much damage against particularly
   susceptible opponents.
   It can also slow down cold-blooded creatures.
   It affects your intelligence (+2).
   It affects your dexterity (-3).
   It protects you from negative energy.
   It lets you turn invisible.
 s - the +6 Majin-Bo {vamp, *Drain Str+12 Int+24}
   (You found it in the Dungeon)

   It inflicts no extra harm, but heals its wielder when it wounds a living foe.
   It affects your strength (+12).
   It affects your intelligence (+24).
   It causes draining when unequipped.
 I - the +1 morningstar "Qekusy Paose" {protect, MR+ MP+9 Stlth+}
   (You found it in the Dungeon)

   It grants its wielder temporary protection when it strikes (+7 to AC).
   It affects your resistance to hostile enchantments.
   It affects your magic capacity (+9).
   It makes you more stealthy.
Armour
 y - the +18 shield of the Gong (worn) {rElec rN+ MR+ EV-5}
   (You found it in the Dungeon)

   It affects your evasion (-5).
   It insulates you from electricity.
   It protects you from negative energy.
   It affects your resistance to hostile enchantments.
 N - the +2 pair of boots of the Assassin (worn) {Detection Stab+ Stlth++}
   (You found it in the Dungeon)

   It makes you much more stealthy.
 Q - the +3 crown of Dyrovepreva (worn) {rElec Int+2 SInv}
   (You found it in the Dungeon)

   It affects your intelligence (+2).
   It insulates you from electricity.
   It lets you see invisible.
 S - a +2 cloak of poison resistance (worn)
 W - a +1 pair of gloves of dexterity (worn)
Magical Staves
 q - an uncursed staff of energy
 H - an uncursed staff of wizardry
Jewellery
 j - an uncursed ring of stealth
 t - a +6 ring of intelligence (right hand)
 u - a +6 ring of intelligence (left hand)
 w - a +4 amulet of reflection (around neck)
 z - an uncursed ring of ice
 J - the ring of Iweb {rPois rN+ Str+3 Int+4 Dex+2}
   (You found it in the Dungeon)

   [ring of poison resistance]

   It affects your strength (+3).
   It affects your intelligence (+4).
   It affects your dexterity (+2).
   It protects you from poison.
   It protects you from negative energy.
 K - an uncursed ring of protection from cold
 M - the ring "Cisoos" {rElec MP+9 Str+4 Stlth+}
   (You found it in the Dungeon)

   [ring of insulation]

   It affects your strength (+4).
   It insulates you from electricity.
   It affects your magic capacity (+9).
   It makes you more stealthy.
 U - the ring "Xiduc" {rElec rF+ Str+2 Int-2}
   (You found it in the Dungeon)

   [ring of protection from fire]

   It affects your strength (+2).
   It affects your intelligence (-2).
   It protects you from fire.
   It insulates you from electricity.
 X - the ring "Fylalom" {rF- rCorr Int+3 Dex+2}
   (You found it in the Dungeon)

   [ring of resist corrosion]

   It affects your intelligence (+3).
   It affects your dexterity (+2).
   It makes you vulnerable to fire.
   It provides partial protection from all sources of acid and corrosion.
Wands
 n - a wand of disintegration (6)
 o - a wand of iceblast (7)
 p - a wand of acid (2)
Scrolls
 h - 2 scrolls of blinking
 A - 3 scrolls of amnesia
 B - 6 scrolls of fog
 C - a scroll of holy word
 D - 5 scrolls of identify
 E - 4 scrolls of remove curse
 F - 2 scrolls of fear
 O - 4 scrolls of enchant armour
 P - 4 scrolls of enchant weapon
 T - a scroll of brand weapon
Potions
 c - 10 potions of curing
 d - 15 potions of heal wounds
 e - 5 potions of haste
 f - 7 potions of magic
 g - 2 potions of berserk rage
 l - 2 potions of agility
 m - 2 potions of might
 V - 4 potions of resistance
Books
 a - a manual of Polearms
 k - a manual of Transmutations
Miscellaneous
 r - a lightning rod (4/4)
 v - 3 phantom mirrors
 x - a phial of floods
 G - 8 sacks of spiders
 L - 4 boxes of beasts
 R - a lamp of fire
Comestibles
 b - 4 rations {!d}


   Skills:
 - Level 10.0 Fighting
 - Level 11.2 Dodging
 - Level 1.5 Stealth
 - Level 23.1 Shields
 + Level 19.3 Spellcasting
 - Level 15.0 Conjurations
 - Level 4.0 Hexes
 - Level 14.4 Summonings
 - Level 12.2 Translocations
 - Level 6.0 Transmutations
 * Level 16.3 Fire Magic
 - Level 5.4 Air Magic
 - Level 6.3 Invocations
 - Level 6.1 Evocations


You had 2 spell levels left.
You knew the following spells:

 Your Spells              Type           Power        Failure   Level  Hunger
b - Malign Gateway        Summ/Tloc      #######...   2%          7    None
f - Fireball              Conj/Fire      ########..   1%          5    None
h - Bolt of Fire          Conj/Fire      ########..   1%          6    None
j - Summon Lightning Spi  Summ/Air       #######.     1%          5    None
o - Orb of Destruction    Conj           ########..   1%          7    None
p - Passage of Golubria   Tloc           N/A          1%          5    None
r - Irradiate             Conj/Tmut      #######...   1%          5    None
x - Blink                 Tloc           N/A          0%          2    None
y - False Image           Hex/Summ       #######.     1%          3    None
J - Fulminant Prism       Conj/Hex       #######...   1%          4    None

Your spell library contained the following spells:

 Spells                   Type           Power        Failure   Level  Hunger
 Apportation              Tloc           ######       0%          1    None
 Blink Other              Tloc           ######       0%          1    None
 Flame Tongue             Conj/Fire      #####        0%          1    None
 Magic Dart               Conj           ####         0%          1    None
 Shock                    Conj/Air       #####        0%          1    None
 Summon Butterflies       Summ           ########     0%          1    None
 Summon Small Mammal      Summ           ####         0%          1    None
 Call Imp                 Summ           ########     0%          2    None
 Searing Ray              Conj           ######       0%          2    None
 Animate Skeleton         Necr           N/A          1%          1    None
 Beastly Appendage        Tmut           ######       1%          1    None
 Corona                   Hex            ######.      1%          1    None
 Infusion                 Chrm           #####...     1%          1    None
 Sandblast                Erth           #####.       1%          1    None
 Slow                     Hex            ######..     1%          1    None
 Sting                    Conj/Pois      ####         1%          1    None
 Ensorcelled Hibernation  Hex/Ice        ######       1%          2    None
 Flaming Arrows           Chrm/Fire      #######.     1%          2    None
 Passwall                 Tmut/Erth      ######..     1%          2    None
 Poisonous Vapours        Pois/Air       ######       1%          2    None
 Shackle                  Hex            ######..     1%          2    None
 Song of Slaying          Chrm           #####...     1%          2    None
 Sticks to Snakes         Tmut           ######..     1%          2    None
 Sublimation of Blood     Necr           #####.....   1%          2    None
 Swiftness                Chrm/Air       ######..     1%          2    None
 Throw Frost              Conj/Ice       ######       1%          2    None
 Beckoning                Tloc           #######...   0%          3    None
 Call Canine Familiar     Summ           ########     0%          3    None
 Conjure Flame            Conj/Fire      ########     0%          3    None
 Iskenderun's Mystic Bla  Conj           ########     0%          3    None
 Portal Projectile        Tloc           ######       0%          3    None
 Recall                   Summ/Tloc      N/A          0%          3    None
 Teleport Other           Tloc           #######.     0%          3    None
 Sticky Flame             Conj/Fire      ########     0%          4    None
 Confuse                  Hex            ######..     1%          3    None
 Dazzling Spray           Conj/Hex       ######       1%          3    None
 Ignite Poison            Fire/Tmut/Pois #######.     1%          3    None
 Inner Flame              Hex/Fire       N/A          1%          3    None
 Leda's Liquefaction      Hex/Erth       ######....   1%          3    None
 Mephitic Cloud           Conj/Pois/Air  ######..     1%          3    None
 Spectral Weapon          Hex/Chrm       ######..     1%          3    None
 Spider Form              Tmut/Pois      ###          1%          3    None
 Static Discharge         Air            ######..     1%          3    None
 Stone Arrow              Conj/Erth      ######       1%          3    None
 Tukima's Dance           Hex            ######..     1%          3    None
 Airstrike                Air            ######....   1%          4    None
 Cause Fear               Hex            ######....   1%          4    None
 Force Lance              Tloc           #######.     1%          4    None
 Ice Form                 Ice/Tmut       ######..     1%          4    None
 Petrify                  Tmut/Erth      ######..     1%          4    None
 Summon Ice Beast         Ice/Summ       #######.     1%          4    None
 Summon Scorpions         Summ/Pois      #######.     1%          4    None
 Throw Icicle             Conj/Ice       #######.     1%          4    None
 Yara's Violent Unravell  Hex/Tmut       ######....   1%          4    None
 Aura of Abjuration       Summ           ########..   1%          5    None
 Blade Hands              Tmut           ######....   1%          5    None
 Bolt of Draining         Conj/Necr      #######...   1%          5    None
 Bolt of Magma            Conj/Fire/Erth #######...   1%          5    None
 Iskenderun's Battlesphe  Conj/Chrm      #######.     1%          5    None
 Lightning Bolt           Conj/Air       #######...   1%          5    None
 Summon Forest            Summ/Tloc      #######...   1%          5    None
 Summon Mana Viper        Hex/Summ       #######.     1%          5    None
 Venom Bolt               Conj/Pois      #######...   1%          5    None
 Conjure Ball Lightning   Conj/Air       #######...   1%          6    None
 Dispersal                Tloc           #######...   1%          6    None
 Shadow Creatures         Summ           N/A          1%          6    None
 Summon Hydra             Summ           ########..   1%          6    None
 Monstrous Menagerie      Summ           ########..   1%          7    None
 Spellforged Servitor     Conj/Summ      ########..   1%          7    None
 Summon Greater Demon     Summ           ########..   1%          7    None
 Ozocubu's Armour         Chrm/Ice       #####...     2%          3    None
 Silence                  Hex/Air        ######....   2%          5    None
 Bolt of Cold             Conj/Ice       #######...   4%          6    None
 Iron Shot                Conj/Erth      #######...   4%          6    None
 Alistair's Intoxication  Tmut/Pois      ######..     6%          5    None
 Ignition                 Fire           ########..   6%          8    None
 Animate Dead             Necr           N/A          7%          4    None
 Olgreb's Toxic Radiance  Pois           #####...     7%          4    None
 Metabolic Englaciation   Hex/Ice        ######....   9%          5    None
 Mana Rupture             Conj/Hex       #######...   12%         7    None
 Summon Horrible Things   Summ           ########..   13%         8    None
 Lee's Rapid Deconstruct  Erth           #####.....   21%         5    None
 Piercing Shot            Chrm           #####.....   21%         5    None
 Darkness                 Hex            ######....   22%         6    None
 Invisibility             Hex            ######..     22%         6    None
 Ring of Flames           Chrm/Fire      #######...   22%         7    None
 Infestation              Hex/Tmut/Pois  ######...    28%         6    None
 Icicle Burst             Conj/Ice       #######...   28%         7    None
 Statue Form              Tmut/Erth      ######...    32%         6    None
 Haunt                    Necr/Summ      #######...   32%         7    None
 Controlled Blink         Tloc           N/A          32%         8    None
 Deflect Missiles         Chrm/Air       ######....   34%         6    None
 Freezing Cloud           Ice/Air        ######....   34%         6    None
 Dragon Form              Tmut           ######.      45%         7    None
 Chain Lightning          Conj/Air       #######...   56%         8    None
 Borgnjor's Vile Clutch   Necr/Erth      #####.....   73%         6    None
 Ozocubu's Refrigeration  Ice            #####.....   73%         6    None
 Simulacrum               Ice/Necr       #####.....   73%         6    None
 Fire Storm               Conj/Fire      ########..   75%         9    None
 Dragon's Call            Summ           ########..   89%         9    None
 Lehudib's Crystal Spear  Conj/Erth      #######...   91%         8    None
 Time Stop                Chrm/Tloc      N/A          98%         8    None
 Borgnjor's Revivificati  Necr           #####.....   100%        8    None
 Discord                  Hex            ######....   100%        8    None
 Shatter                  Erth           #####.....   100%        9    None
 Tornado                  Air            ######....   100%        9    None


Dungeon Overview and Level Annotations

Branches:
Dungeon (1/1)

Altars:
Ashenzari
Cheibriados
Dithmenos
Elyvilon
Fedhas
Gozag
Hepliaklqana
Kikubaaqudgha
Lugonu
Makhleb
Nemelex Xobeh
Okawaru
Qazlal
Ru
Sif Muna
Trog
Uskayaw
Vehumet
Wu Jian
Xom
Yredelemnul
Zin
The Shining One
Beogh
Jiyva


Innate Abilities, Weirdness & Mutations

Your spells do not cause hunger and MP costs are reduced by 1.
Your bright wings attract enemies. (Stealth-)
You cannot fit into any form of body armour.
Your shimmering scales are hard and can block incoming attacks. (AC +7, SH +7)
You are small and have problems with some larger weapons.
You can fly continuously.


Message History

The crystal bolt freezes the iron golem.
The iron golem completely resists.
The crystal bolt freezes you!
Ouch! That really hurt!
* * * LOW HITPOINT WARNING * * *
A stone giant comes into view.
An iron dragon comes into view.
An iron golem comes into view.
Your lightning spire shoots out a bolt of lightning at the iron dragon!
The bolt of electricity hits the iron dragon. x2
The bolt of electricity hits the iron golem.
The iron golem completely resists.
Unknown command.
You feel much better.
You feel less invigorated.
The orb of destruction hits the crystal guardian.
You blow up the crystal guardian!
Sif Muna accepts your kill.
The iron dragon breathes metal splinters at your lightning spire.
The spray of metal splinters hits your lightning spire.
The crystal guardian fires a crystalline bolt at you.
The crystal bolt freezes you!
You die...

{ {{ ▓..
▓.....8DE=.. ▓..
▓......CD.......▓..
▓..8.D.DD.......▓..
▓ED.8.8D8.......▓..
▓.D9888.........▓.▓
▓..8○.8.........▓..
▓8○○..8.........▓..
▓.@.............▓..
▓...▓.......▓...▓▓▓
▓...............▓..
▓...............▓.)
▓.......©.......▓..
▓▓▓▓▓▓▓▓▓▓▓▓▓▓▓▓▓..
▓..


{{{{{{{{{ ▓.. {{{{{{{{{ ▓.. You could see 7 iron golems, 8 iron dragons, a stone
giant, 4 crystal guardians, 2 earth elementals, a gargoyle and a friendly
lightning spire.

Vanquished Creatures
  An ancient lich (D)
  A Brimstone Fiend (D)
  A lich (D)
  A tentacled starspawn (D)
  An orc warlord (D)
  2 stone giants (D)
  A spriggan defender (D)
  2 very ugly things (D)
  An ettin (D)
  2 crystal guardians (D)
  A mummy priest (D)
  2 hydras (D)
  A shambling mangrove (D)
  2 satyrs (D)
  3 spriggan berserkers (D)
  A shock serpent (shapeshifter) (D)
  2 flayed ghosts (D)
  A spriggan druid (D)
  A necromancer (D)
  A deep troll (shapeshifter) (D)
  3 orc knights (D)
  2 wolf spiders (D)
  2 shining eyes (D)
  3 ugly things (D)
  3 orc sorcerers (D)
  An elephant (D)
  A guardian serpent (shapeshifter) (D)
  A gargoyle (D)
  3 cane toads (D)
  A demonic crawler (D)
  A tormentor (D)
  A dryad (D)
  3 guardian mummies (D)
  2 jumping spiders (D)
  A wind drake (shapeshifter) (D)
  2 hornets (D)
  A wind drake (D)
  2 blink frogs (D)
  A hippogriff (D)
  A dream sheep (shapeshifter) (D)
  4 redbacks (D)
  4 shadows (D)
  3 tarantellas (D)
  A human (shapeshifter) (D)
  7 neqoxecs (D)
  A warg (D)
  2 swamp worms (shapeshifter) (D)
  A water moccasin (D)
  A hell hound (D)
  3 porcupines (D)
  4 orc warriors (D)
  A necrophage (D)
  2 ogres (D)
  A wolf (D)
  4 bullfrogs (D)
  5 scorpions (D)
  3 wights (D)
  2 crimson imps (D)
  2 quasits (D)
  3 mummies (D)
  An adder (D)
  A shadow imp (D)
  A white imp (D)
  An ufetubus (D)
  3 orcs (D)
  2 ball pythons (D)
  A bat zombie (D)
  A ball python skeleton (D)
  A giant cockroach zombie (D)
  A jackal zombie (D)
  A leopard gecko simulacrum (D)
  3 leopard gecko zombies (D)
  A quokka zombie (D)
135 creatures vanquished.

Vanquished Creatures (collateral kills)
  A lich (D)
  A thorn hunter (D)
  2 iron dragons (D)
  A stone giant (D)
  A very ugly thing (D)
  A mummy priest (D)
  2 crystal guardians (D)
  2 hell hogs (D)
  A thrashing horror (D)
  A hell knight (D)
  4 iron golems (D)
  A wretched star (D)
  A fire crab (shapeshifter) (D)
  A skeletal warrior (D)
  2 orc knights (D)
  An ugly thing (D)
  A worldbinder (D)
  An oklob plant (D)
  A guardian serpent (shapeshifter) (D)
  A cane toad (shapeshifter) (D)
  An orange demon (D)
  A komodo dragon (D)
  A guardian mummy (D)
  A dryad (D)
  A troll (D)
  A red devil (D)
  3 hornets (D)
  A spriggan (D)
  A shadow (D)
  An ushabti (D)
  A redback (shapeshifter) (D)
  A wraith (D)
  2 orc warriors (D)
  An ogre (D)
  A crocodile (D)
  2 wights (D)
  3 crimson imps (D)
  An orc priest (D)
  2 mummies (D)
  An ufetubus (D)
  A bat skeleton (D)
  2 bat zombies (D)
  A ball python skeleton (D)
  A giant cockroach zombie (D)
  A leopard gecko skeleton (D)
60 creatures vanquished.

Vanquished Creatures (others)
  9 eldritch tentacles (D)
  A stone giant (D)
  Psyche (D)
  Prince Ribbit (D)
  Grinder (D)
  Sigmund (D)
  Eustachio (D)
  Grum (D)
  Edmund (D)
  Jessica (D)
  Ijyb (D)
  Terence (D)
  4 fulminant prisms (D)
  2 starspawn tentacles (D)
26 creatures vanquished.

Grand Total: 221 creatures vanquished

Notes
Turn   | Place    | Note
-------+----------+-------------------------------------------
     0 | D        | MordorOrchid the Fairy Fire Elementalist began the quest
                  | for the Orb.
     0 | D        | Reached XP level 1. HP: 11/11 MP: 6/6
     0 | D        | Found a shimmering blue altar of Sif Muna.
     0 | D        | Found a sacrificial altar of Ru.
     0 | D        | Found a bloodstained altar of Trog.
     0 | D        | Found a stormy altar of Qazlal.
     0 | D        | Found an iron altar of Okawaru.
     0 | D        | Found a sparkling altar of Nemelex Xobeh.
     0 | D        | Found a blossoming altar of Fedhas.
     1 | D        | Found the +6 Majin-Bo {vamp, *Drain Str+12 Int+24}
     1 | D        | Found the +7 great mace "Firestarter" {inner flame, rF++}
     6 | D        | Found a corrupted altar of Lugonu.
     6 | D        | Found an ancient bone altar of Kikubaaqudgha.
     6 | D        | Found a burning altar of Makhleb.
     6 | D        | Found a transporter.
     6 | D        | Found a viscous altar of Jiyva.
     6 | D        | Found a hazy altar of Hepliaklqana.
     8 | D        | Killed Terence
    13 | D        | Killed Eustachio
    20 | D        | Found the +9 heavy crossbow "Sniper" {velocity, Acc+∞ SInv}
    20 | D        | Found the +10 dark maul {crush}
    20 | D        | Found the +15 Maxwell's patent armour {-Cast -Tele rElec
                  | MR+ rCorr}
    20 | D        | Found the +18 shield of the Gong {rElec rN+ MR+ EV-5}
    20 | D        | Found the cursed +14 obsidian axe {chop, +Fly SInv *Curse}
    27 | D        | Killed Grum
    29 | D        | Found the +6 shillelagh "Devastator" {shatter}
    29 | D        | Found the +11 plutonium sword {*Contam Stlth-}
    29 | D        | Found the +8 lance "Wyrmbane" {slay drac, rPois rF+ rC+
                  | AC+3}
    29 | D        | Found the +9 sword of Zonguldrok {reap}
    29 | D        | Found the cursed +13 scythe of Curses {drain, *Curse}
    29 | D        | Found the +0 sword of Power
    29 | D        | Found the +7 mace of Variability {chain chaos}
    29 | D        | Found the +7 Singing Sword {slice, sonic wave}
    29 | D        | Found the +7 longbow "Piercer" {penet, EV-2}
    36 | D        | Found an opulent altar of Gozag.
    42 | D        | Reached skill level 8 in Shields
    42 | D        | Reached XP level 2. HP: 17/17 MP: 7/7
    54 | D        | Became a worshipper of Sif Muna the Loreminder
    76 | D        | Entered arena 2.
    76 | D        | Noticed a scorpion
    76 | D        | Noticed a scorpion
    76 | D        | Found a transporter.
    79 | D        | Killed a scorpion
    79 | D        | Reached skill level 1 in Fighting
    79 | D        | Reached skill level 9 in Shields
    79 | D        | Reached skill level 1 in Evocations
    79 | D        | Reached XP level 3. HP: 23/23 MP: 7/9
    79 | D        | Killed a scorpion
    79 | D        | Reached * piety under Sif Muna
    79 | D        | Identified Sif Muna's Guide on the Damaging Oath (Sif Muna
                  | gifted it to you in the Dungeon)
    79 | D        | Received a gift from Sif Muna
    79 | D        | Reached skill level 5 in Fire Magic
    79 | D        | Reached XP level 4. HP: 29/29 MP: 7/11
    88 | D        | Entered arena 3.
    88 | D        | Found a transporter.
    89 | D        | Found the +9 scales of the Dragon King {rPois rF+ rC+ MR+}
    98 | D        | Entered arena 4.
    98 | D        | Found a transporter.
   102 | D        | Reached XP level 5. HP: 34/34 MP: 8/12
   107 | D        | Got the +1 morningstar "Qekusy Paose" {protect, MR+ MP+9
                  | Stlth+}
   110 | D        | Entered arena 5.
   110 | D        | Noticed a wraith
   110 | D        | Noticed a tentacled starspawn
   110 | D        | Found a transporter.
   114 | D        | Killed a tentacled starspawn
   114 | D        | Reached ** piety under Sif Muna
   114 | D        | Identified Sif Muna's Volume of the Mind (Sif Muna gifted
                  | it to you in the Dungeon)
   114 | D        | Received a gift from Sif Muna
   114 | D        | Identified Sif Muna's Incunabulum of Assistive Summoning
                  | (Sif Muna gifted it to you in the Dungeon)
   114 | D        | Received a gift from Sif Muna
   114 | D        | Reached skill level 5 in Fighting
   114 | D        | Reached skill level 11 in Shields
   114 | D        | Reached skill level 10 in Fire Magic
   114 | D        | Reached XP level 6. HP: 45/45 MP: 10/19
   114 | D        | Reached XP level 7. HP: 50/50 MP: 11/21
   114 | D        | Reached XP level 8. HP: 55/55 MP: 11/22
   115 | D        | Killed a wraith
   135 | D        | Learned a level 5 spell: Fireball
   150 | D        | Entered arena 6.
   150 | D        | Noticed an ushabti
   150 | D        | Found a transporter.
   155 | D        | Killed an ushabti
   160 | D        | Got the +9 spear of the Enemy {freeze, +Inv rN+ Int+2
                  | Dex-3}
   162 | D        | Entered arena 7.
   162 | D        | Noticed an orange demon
   163 | D        | Identified the amulet "Jeuklogil" {Spirit Dex+3}
   163 | D        | Found a transporter.
   167 | D        | Reached *** piety under Sif Muna
   167 | D        | Identified Sif Muna's Almanac of Malediction (Sif Muna
                  | gifted it to you in the Dungeon)
   167 | D        | Received a gift from Sif Muna
   167 | D        | Reached skill level 1 in Invocations
   167 | D        | Reached XP level 9. HP: 61/61 MP: 4/24
   173 | D        | Killed an orange demon
   175 | D        | Got the ring of Iweb {rPois rN+ Str+3 Int+4 Dex+2}
   179 | D        | Entered arena 8.
   179 | D        | Noticed a wolf spider
   180 | D        | Found a transporter.
   181 | D        | Reached skill level 10 in Dodging
   182 | D        | Identified Sif Muna's Volume of Flying Malediction (Sif
                  | Muna gifted it to you in the Dungeon)
   182 | D        | Received a gift from Sif Muna
   182 | D        | Reached skill level 10 in Spellcasting
   183 | D        | Killed a wolf spider
   183 | D        | Reached skill level 12 in Shields
   196 | D        | Entered arena 9.
   196 | D        | Noticed a komodo dragon
   197 | D        | Found the +2 pair of boots of the Assassin {Detection Stab+
                  | Stlth++}
   199 | D        | Received a gift from Sif Muna
   199 | D        | Reached XP level 10. HP: 69/69 MP: 18/26
   201 | D        | Found a transporter.
   233 | D        | Learned a level 7 spell: Malign Gateway
   241 | D        | Learned a level 5 spell: Summon Lightning Spire
   252 | D        | Learned a level 4 spell: Fulminant Prism
   258 | D        | Entered arena 10.
   258 | D        | Noticed a wretched star
   258 | D        | Noticed a thrashing horror
   258 | D        | Noticed a worldbinder
   260 | D        | Found a transporter.
   260 | D        | Noticed a manticore
   261 | D        | Killed a worldbinder
   261 | D        | Reached skill level 1 in Hexes
   261 | D        | Reached skill level 1 in Translocations
   270 | D        | Killed a thrashing horror
   270 | D        | Reached **** piety under Sif Muna
   270 | D        | Received a gift from Sif Muna
   272 | D        | Killed a wretched star
   291 | D        | Entered arena 11.
   291 | D        | Noticed a brown ugly thing
   291 | D        | Noticed a brown ugly thing
   291 | D        | Noticed a shining eye
   291 | D        | Noticed a fire crab
   291 | D        | Noticed a fire crab
   292 | D        | Found the +3 crown of Dyrovepreva {rElec Int+2 SInv}
   292 | D        | Found a transporter.
   294 | D        | Reached skill level 5 in Summonings
   296 | D        | Killed a shining eye
   296 | D        | Received a gift from Sif Muna
   296 | D        | Reached skill level 5 in Translocations
   296 | D        | Reached skill level 5 in Air Magic
   297 | D        | Killed a brown ugly thing
   297 | D        | Reached ***** piety under Sif Muna
   301 | D        | Killed Prince Ribbit
   305 | D        | Noticed a guardian serpent
   305 | D        | a fire crab changed into a guardian serpent
   310 | D        | Killed a guardian serpent
   313 | D        | Killed a fire crab
   313 | D        | Identified Inuoh's Almanac of Moulding (Sif Muna gifted it
                  | to you in the Dungeon)
   313 | D        | Received a gift from Sif Muna
   313 | D        | Reached XP level 11. HP: 48/74 MP: 28/28
   316 | D        | Killed a white ugly thing
   332 | D        | Killed Jessica
   466 | D        | Learned a level 3 spell: False Image
   472 | D        | Entered arena 12.
   472 | D        | Noticed a wolf spider
   478 | D        | Killed a wolf spider
   486 | D        | Identified Sif Muna's Compendium of Arcane Weapons (Sif
                  | Muna gifted it to you in the Dungeon)
   486 | D        | Received a gift from Sif Muna
   486 | D        | Reached skill level 13 in Shields
   486 | D        | Reached skill level 5 in Invocations
   498 | D        | Reached skill level 10 in Conjurations
   505 | D        | Found a transporter.
   634 | D        | Learned a level 6 spell: Bolt of Fire
   636 | D        | Entered arena 13.
   636 | D        | Noticed an iron dragon
   636 | D        | Noticed an iron golem
   636 | D        | Noticed an iron golem
   636 | D        | Noticed an iron dragon
   636 | D        | Noticed an iron golem
   636 | D        | Noticed a stone giant
   636 | D        | Noticed a crystal guardian
   637 | D        | Noticed a crystal guardian
   637 | D        | Noticed a stone giant
   638 | D        | Noticed an iron golem
   644 | D        | Killed a crystal guardian
   645 | D        | Killed an iron dragon
   652 | D        | Found a transporter.
   653 | D        | Killed a stone giant
   653 | D        | Identified Sif Muna's Catalogue of Battle Magic and the
                  | Glacier (Sif Muna gifted it to you in the Dungeon)
   653 | D        | Received a gift from Sif Muna
   653 | D        | Reached skill level 14 in Shields
   653 | D        | Reached skill level 10 in Summonings
   659 | D        | Killed an iron golem
   662 | D        | Killed a crystal guardian
   664 | D        | Killed an iron dragon
   664 | D        | Reached XP level 12. HP: 47/84 MP: 7/30
   665 | D        | Killed a stone giant
   665 | D        | Identified Iggawn's Incunabulum of Good Luck and
                  | Bewitchment (Sif Muna gifted it to you in the Dungeon)
   665 | D        | Received a gift from Sif Muna
   665 | D        | Reached skill level 15 in Shields
   665 | D        | Reached skill level 10 in Translocations
   668 | D        | Killed an iron golem
   668 | D        | Reached ****** piety under Sif Muna
   672 | D        | Killed an iron golem
   675 | D        | Killed an iron golem
   688 | D        | Got the ring "Kucheres" {rPois rF+ MR- SInv}
   691 | D        | Got Advanced Witchery
   703 | D        | Got the ring "Cisoos" {rElec MP+9 Str+4 Stlth+}
   804 | D        | Entered arena 14.
   806 | D        | Noticed a mummy priest
   806 | D        | Noticed a mummy priest
   813 | D        | Identified Sif Muna's Collected Works on Conjuration (Sif
                  | Muna gifted it to you in the Dungeon)
   813 | D        | Received a gift from Sif Muna
   814 | D        | Killed a mummy priest
   821 | D        | Killed a mummy priest
   821 | D        | Identified Tufeoz's Incunabulum of Hexes (Sif Muna gifted
                  | it to you in the Dungeon)
   821 | D        | Received a gift from Sif Muna
   824 | D        | Found a transporter.
   837 | D        | Got the Grimoire of Summoning and Stones
   846 | D        | Entered arena 15.
   848 | D        | Noticed a four-headed hydra
   850 | D        | Noticed an eight-headed hydra
   851 | D        | Killed a four-headed hydra
   852 | D        | Identified Sif Muna's Papyrus of Creative Translocation
                  | (Sif Muna gifted it to you in the Dungeon)
   852 | D        | Received a gift from Sif Muna
   856 | D        | Killed an eight-headed hydra
   856 | D        | Identified Sif Muna's Almanac of Creative Combat Magic (Sif
                  | Muna gifted it to you in the Dungeon)
   856 | D        | Received a gift from Sif Muna
   862 | D        | Found a transporter.
   870 | D        | Got the Handbook of the Glacier and Calling
   875 | D        | Entered arena 16.
   877 | D        | Noticed a thorn hunter
   877 | D        | Noticed a spriggan berserker
   877 | D        | Noticed a satyr
   877 | D        | Noticed a satyr
   877 | D        | Noticed a spriggan rider
   877 | D        | Noticed a spriggan defender
   877 | D        | Noticed a spriggan berserker
   878 | D        | Noticed a spriggan berserker
   878 | D        | Noticed a death yak
   878 | D        | Noticed a shambling mangrove
   879 | D        | Killed a thorn hunter
   881 | D        | Noticed a death yak
   881 | D        | Killed a spriggan berserker
   881 | D        | Received a gift from Sif Muna
   881 | D        | Reached XP level 13. HP: 90/90 MP: 7/32
   881 | D        | Killed a spriggan defender
   881 | D        | Reached skill level 10 in Fighting
   883 | D        | Identified Gutypeoh's Disquisition on Ashen Flight (Sif
                  | Muna gifted it to you in the Dungeon)
   883 | D        | Received a gift from Sif Muna
   885 | D        | Reached skill level 15 in Spellcasting
   886 | D        | Identified Sif Muna's Disquisition on Damaging Aid (Sif
                  | Muna gifted it to you in the Dungeon)
   886 | D        | Received a gift from Sif Muna
   903 | D        | Found a transporter.
   919 | D        | Got the ring "Xiduc" {rElec rF+ Str+2 Int-2}
   937 | D        | Learned a level 5 spell: Passage of Golubria
  1013 | D        | Killed Sigmund
  1086 | D        | Learned a level 5 spell: Irradiate
  1090 | D        | Entered arena 17.
  1097 | D        | Noticed a lich
  1097 | D        | Noticed an ancient lich
  1098 | D        | Reached skill level 1 in Transmutations
  1101 | D        | Noticed a lich
  1102 | D        | Received a gift from Sif Muna
  1103 | D        | Killed a lich
  1103 | D        | Identified Sif Muna's Compendium of Spatial Conjuration
                  | (Sif Muna gifted it to you in the Dungeon)
  1103 | D        | Received a gift from Sif Muna
  1105 | D        | Killed a lich
  1105 | D        | Identified Sif Muna's Tome of Sinister Boosts (Sif Muna
                  | gifted it to you in the Dungeon)
  1105 | D        | Received a gift from Sif Muna
  1105 | D        | Reached skill level 15 in Fire Magic
  1107 | D        | Killed an ancient lich
  1107 | D        | Received a gift from Sif Muna
  1113 | D        | Found a transporter.
  1178 | D        | Learned a level 2 spell: Blink
  1210 | D        | Entered arena 18.
  1217 | D        | Noticed a red very ugly thing
  1217 | D        | Noticed a green very ugly thing
  1217 | D        | Noticed a brown very ugly thing
  1219 | D        | Found the +5 pair of quick blades "Gyre" and "Gimble"
                  | {pierce}
  1220 | D        | Reached XP level 14. HP: 99/99 MP: 33/38
  1222 | D        | Identified Sif Muna's Volume of Harmful Evil (Sif Muna
                  | gifted it to you in the Dungeon)
  1222 | D        | Received a gift from Sif Muna
  1222 | D        | Reached skill level 16 in Shields
  1223 | D        | Killed a green very ugly thing
  1224 | D        | Reached skill level 17 in Shields
  1224 | D        | Killed a brown very ugly thing
  1226 | D        | Killed a red very ugly thing
  1226 | D        | Reached skill level 18 in Shields
  1229 | D        | Found a transporter.
  1257 | D        | Killed Grinder
  1319 | D        | Learned a level 7 spell: Orb of Destruction
  1320 | D        | Entered arena 19.
  1324 | D        | Identified Sif Muna's Disquisition on Dusty Good Luck (Sif
                  | Muna gifted it to you in the Dungeon)
  1324 | D        | Received a gift from Sif Muna
  1331 | D        | Noticed a Brimstone Fiend
  1336 | D        | Killed a Brimstone Fiend
  1336 | D        | Reached skill level 19 in Shields
  1341 | D        | Reached skill level 20 in Shields
  1343 | D        | Identified Sif Muna's Tome of Toxic Creation (Sif Muna
                  | gifted it to you in the Dungeon)
  1343 | D        | Received a gift from Sif Muna
  1349 | D        | Found a transporter.
  1360 | D        | Killed Psyche
  1388 | D        | Entered arena 20.
  1397 | D        | Identified the +10 quarterstaff of Jaafuxio {crush, rN+
                  | Str+4}
  1398 | D        | Noticed an orc warlord
  1398 | D        | Noticed a stone giant
  1398 | D        | Identified the +10 hand axe "Tudozuk" {flame, *Rage +Inv
                  | Str+6}
  1400 | D        | Reached skill level 21 in Shields
  1400 | D        | Killed a stone giant
  1404 | D        | Reached skill level 22 in Shields
  1406 | D        | Killed an orc warlord
  1408 | D        | Received a gift from Sif Muna
  1412 | D        | Found a transporter.
  1419 | D        | Reached skill level 23 in Shields
  1419 | D        | Killed Ijyb
  1463 | D        | Got the ring "Fylalom" {rF- rCorr Int+3 Dex+2}
  1650 | D        | Entered arena 21.
  1665 | D        | Noticed an iron dragon
  1665 | D        | Noticed an iron dragon
  1665 | D        | Noticed an iron dragon
  1665 | D        | Noticed a stone giant
  1666 | D        | Noticed an iron dragon
  1666 | D        | Noticed an iron dragon
  1668 | D        | Killed a stone giant
  1668 | D        | Reached skill level 15 in Conjurations
  1668 | D        | Noticed an iron dragon
  1668 | D        | Noticed an iron dragon
  1670 | D        | Killed Edmund
  1671 | D        | Noticed a stone giant
  1671 | D        | Noticed an iron dragon
  1672 | D        | Killed from afar by a crystal guardian

Skill      XL: |  1  2  3  4  5  6  7  8  9 10 11 12 13 14 |
---------------+-------------------------------------------+-----
Shields        | 8 9 11 12 14 15 23 | 23.1
Fighting       | 1 2 5 6 8 9 10 | 10.0
Dodging        | 3 4 9 10 11 | 11.2
Spellcasting   | 3 8 9 10 11 12 13 18 19 | 19.3
Conjurations   | 2 3 7 8 9 11 12 14 15 | 15.0
Fire Magic     | 4 5 6 10 11 12 13 15 16 | 16.3
Evocations     | 1 2 6 |  6.1
Invocations    | 1 4 6 |  6.3
Hexes          | 4 |  4.0
Summonings     | 8 10 14 | 14.4
Translocations | 7 9 12 | 12.2
Air Magic      | 5 |  5.4
Transmutations | 6 |  6.0
Stealth        | |  1.5

Action                   |  1- 3 |  4- 6 |  7- 9 | 10-12 | 13-15 || total
-------------------------+-------+-------+-------+-------+-------++-------
Melee: Broad axe         |     1 |     8 |     9 |       |       ||    18
       Spear             |       |       |       |    24 |       ||    24
 Cast: Fireball          |       |       |     8 |    44 |    32 ||    84
       Summon Lightning  |       |       |       |     7 |     6 ||    13
       Fulminant Prism   |       |       |       |     4 |       ||     4
       Malign Gateway    |       |       |       |     4 |     5 ||     9
       False Image       |       |       |       |     3 |       ||     3
       Bolt of Fire      |       |       |       |     2 |     7 ||     9
       Orb of Destructio |       |       |       |       |    13 ||    13
       Irradiate         |       |       |       |       |     1 ||     1
Invok: Divine Energy     |     1 |       |       |       |       ||     1
       Channel Magic     |       |       |     2 |     9 |     9 ||    20
 Abil: Evoke Invisibilit |       |       |       |     4 |     4 ||     8
Evoke: Lightning rod     |       |       |       |     9 |       ||     9
       Wand              |       |       |       |     6 |       ||     6
       Phial of floods   |       |       |       |     1 |       ||     1
  Use: Potion            |     5 |       |     4 |     9 |     2 ||    20
       Scroll            |       |       |       |     4 |     1 ||     5
 Stab: Sleeping          |     2 |     7 |       |       |       ||     9
       Invisible         |       |     1 |     1 |       |       ||     2
       Distracted        |       |       |       |     1 |       ||     1
  Eat: Ration            |       |       |       |     2 |     2 ||     4
Armor: Skin              |       |       |       |     5 |       ||     5
Dodge: Dodged            |       |     6 |     5 |    21 |     7 ||    39
Block: Other             |       |       |     3 |       |       ||     3
       Shield            |       |       |       |   102 |    25 ||   127
       Reflection        |       |       |       |       |     6 ||     6
